 Dungeon Crawl Stone Soup version 0.24-a0-736-g4e6fe308c7 (webtiles) character file.

Game seed: 4627337295427318816, levelgen mode: deterministic

947 Kohma the Conjurer (level 7, -5/60 HPs)
             Began as a Green Draconian Conjurer on Oct 2, 2019.
             Was a Believer of Dithmenos.
             Shot with an arrow by a centaur (7 damage)
             ... on level 5 of the Dungeon.
             The game lasted 00:18:52 (6507 turns).

Kohma the Conjurer (Green Draconian Conjurer)       Turns: 6507, Time: 00:18:54

Health: -5/60      AC:  9    Str: 10    XL:     7   Next: 89%
Magic:  4/13       EV: 12    Int: 17    God:    Dithmenos [**....]
Gold:   308        SH:  0    Dex: 12    Spells: 7/14 levels left

rFire    . . .     SeeInvis .   n - +0 falchion
rCold    . . .     Gourm    .   (no shield)
rNeg     . . .     Faith    .   (armour unavailable)
rPois    +         Spirit   .   (helmet restricted)
rElec    .         Reflect  .   (no cloak)
rCorr    .         Harm     .   p - +1 pair of gloves
MR       .....                  i - +0 pair of boots
Stlth    ++........             (no amulet)
HPRegen  0.20/turn              (no ring)
MPRegen  0.13/turn              (no ring)

@: wreathed by umbra, invisible
A: breathe noxious fumes, unfitting armour, poison resistance, cold-blooded, AC
+6
a: Breathe Noxious Fumes, Shadow Step, Renounce Religion


You were on level 5 of the Dungeon.
You worshipped Dithmenos.
Dithmenos was pleased with you.
You were not hungry.

You visited 1 branch of the dungeon, and saw 5 of its levels.
You also visited: Sewer.

You collected 308 gold pieces.

Inventory:

Hand Weapons
 n - a +0 falchion (weapon)
Missiles
 f - 163 stones
 h - 2 boomerangs (quivered)
 j - a throwing net
 k - 79 arrows
 q - 4 javelins
 r - 34 sling bullets
 x - 33 bolts
Armour
 i - a +0 pair of boots (worn)
 p - a +1 pair of gloves (worn)
Jewellery
 m - an uncursed amulet of rage
Wands
 d - a wand of disintegration (8)
 y - a wand of iceblast (9)
Scrolls
 g - 3 scrolls of remove curse
 u - 5 scrolls of teleportation
 v - 5 scrolls of immolation
 w - a scroll of magic mapping
Potions
 e - 2 potions of invisibility
 l - 2 potions of curing
 s - a potion of mutation
 z - a potion of ambrosia
Comestibles
 b - 7 rations


   Skills:
 + Level 4.7 Fighting
 - Level 1.7 Dodging
 - Level 1.7 Stealth
 + Level 4.4 Spellcasting
 * Level 7.6 Conjurations


You had 7 spell levels left.
You knew the following spells:

 Your Spells              Type           Power        Failure   Level  Hunger
a - Magic Dart            Conj           ####         1%          1    None
b - Searing Ray           Conj           ####..       1%          2    ##.....
c - Iskenderun's Mystic   Conj           ####....     6%          4    ####...

Your spell library contained the following spells:

 Spells                   Type           Power        Failure   Level  Hunger
 Dazzling Spray           Conj/Hex       ###...       10%         3    ###....
 Animate Skeleton         Necr           N/A          16%         1    None
 Apportation              Tloc           #.....       16%         1    None
 Confusing Touch          Hex            #.....       16%         1    None
 Summon Small Mammal      Summ           #...         16%         1    None
 Force Lance              Conj/Tloc      ###.....     30%         4    ####...
 Fulminant Prism          Conj/Hex       ###.......   30%         4    ####...


Dungeon Overview and Level Annotations

Branches:
Dungeon (5/15)             Temple (0/1) D:4           Sewer (visited)

Altars:
Ashenzari
Dithmenos
Fedhas
Hepliaklqana
Nemelex Xobeh
Qazlal
Ru
Uskayaw
Wu Jian
Xom
Zin


Innate Abilities, Weirdness & Mutations

You can breathe blasts of noxious fumes.
Your lurid green scales are hard. (AC +6)
You cannot fit into any form of body armour.
Your system is resistant to poisons. (rPois)
You are cold-blooded and may be slowed by cold attacks.


Message History

The centaur closely misses you.
You riposte.
You hit the centaur but do no damage.
Your tail-slap misses the centaur.
The centaur is moderately wounded.
You barely miss the centaur.
The centaur is moderately wounded.
The centaur hits you. x2; The crimson imp blinks!
You hit the centaur.
The centaur is heavily wounded.
The centaur hits you!
* * * LOW HITPOINT WARNING * * *
The centaur hits you.
* * * LOW HITPOINT WARNING * * *
The centaur wields a +0 shortbow.
The centaur shoots an arrow.
The arrow hits you!
* * * LOW HITPOINT WARNING * * *
The centaur shoots an arrow.
The arrow hits you but does no damage.
You see here 2 arrows.
You fade into invisibility!
The centaur shoots an arrow.
The arrow hits you!
You die...

#>................###........
#..##.#......................
..#####......................
...###...............§.......
...#.##......................
..)#.................)..c..?.
.....#...........##..........
....##......####..###.W......
.....##########≈@.##..#.#..#.
..#...##..÷≈)..≈≈(##..### .#
.###..#.≈≈≈≈≈≈≈..#cl(.# # ..
###..#########W5...# $
#..≈≈≈≈≈≈##>......... .
##≈.≈...≈≈##....#####
##≈≈≈≈≈≈..#.....#
#######..####..# .≈# ##..# #


You could see a phantom, a centaur, an iguana and a crimson imp.

Vanquished Creatures
  Menkaure (D:4)
  Purgy (Sewer)
  2 phantoms (D:5)
  A centaur (D:5)
  A crimson imp (D:5)
  Jessica (D:3)
  Ijyb (D:3)
  3 worker ants (D:4)
  A worker ant zombie (D:4)
  14 gnolls
  4 adders
  2 oozes (D:2)
  2 adder skeletons (D:4)
  2 worms (D:3)
  4 dart slugs (D:1)
  12 leopard geckos
  8 orcs
  2 ball pythons
  6 giant cockroaches
  5 goblins
  6 hobgoblins
  6 jackals
  4 kobolds
  3 quokkas (D:3)
  9 bats
  9 frilled lizards
  A quokka zombie (D:5)
  7 rats
118 creatures vanquished.

Notes
Turn   | Place    | Note
-------+----------+-------------------------------------------
     0 | D:1      | Kohma the Draconian Conjurer began the quest for the Orb.
     0 | D:1      | Reached XP level 1. HP: 14/14 MP: 3/3
   491 | D:1      | Reached XP level 2. HP: 8/22 MP: 0/5
   840 | D:1      | Reached skill level 1 in Fighting
  1246 | D:1      | Reached XP level 3. HP: 28/28 MP: 1/6
  1693 | D:2      | Found a hazy altar of Hepliaklqana.
  1693 | D:2      | Found a glowing silver altar of Zin.
  1705 | D:2      | Found a shadowy altar of Dithmenos.
  1715 | D:2      | Became a worshipper of Dithmenos the Shadowed
  1862 | D:2      | Found a shattered altar of Ashenzari.
  1873 | D:2      | Found a sparkling altar of Nemelex Xobeh.
  2189 | D:1      | Reached XP level 4. HP: 6/36 MP: 0/7
  2257 | D:1      | Learned a level 2 spell: Searing Ray
  2262 | D:1      | Learned a level 4 spell: Iskenderun's Mystic Blast
  2728 | D:2      | Reached skill level 5 in Conjurations
  3122 | D:3      | Reached * piety under Dithmenos
  3243 | D:3      | Reached XP level 5. HP: 37/42 MP: 2/9
  3441 | D:3      | Noticed Jessica
  3448 | D:3      | Killed Jessica
  4044 | D:3      | Noticed Ijyb
  4068 | D:3      | Killed Ijyb
  4068 | D:3      | Reached XP level 6. HP: 36/51 MP: 1/10
  4643 | D:4      | Found a staircase to the Ecumenical Temple.
  4792 | D:4      | Found a shimmering altar of Xom.
  4795 | D:4      | Found a sacrificial altar of Ru.
  4806 | D:4      | Reached skill level 6 in Conjurations
  4811 | D:4      | Found a stormy altar of Qazlal.
  4812 | D:4      | Found a blossoming altar of Fedhas.
  5161 | D:4      | Found an ornate altar of the Wu Jian Council.
  5463 | D:4      | Noticed Menkaure
  5467 | D:4      | Killed Menkaure
  5559 | D:4      | Found a shimmering altar of Xom.
  5691 | D:5      | Entered Level 5 of the Dungeon
  5713 | D:5      | Reached ** piety under Dithmenos
  5713 | D:5      | Your scales start taking on a lurid green colour.
  5713 | D:5      | Reached XP level 7. HP: 55/58 MP: 6/12
  5713 | D:5      | Gained mutation: Your system is resistant to poisons.
                  | (rPois) [Green Draconian growth]
  5753 | D:5      | Found a hide-covered altar of Uskayaw.
  5935 | D:5      | Reached skill level 7 in Conjurations
  5957 | D:5      | Found a glowing drain.
  6001 | Sewer    | Entered a sewer
  6178 | Sewer    | Noticed Purgy
  6187 | Sewer    | Killed Purgy
  6506 | D:5      | HP: 1/60 [centaur/arrow (7)]
  6507 | D:5      | Shot with an arrow by a centaur

Levels and vault maps discovered:
D:1:      minmay_arrival_radiant_lines, layout_loops_ring,
          minmay_worlds_worst_comb
D:2:      layout_rooms, minitemple, nicolae_ashenzari_panopticon, first_ration,
          nemelex_spade_bored_becter
D:3:      layout_rooms, grunt_decor_arrowhead, st_stairs_10, uniq_ijyb,
          uniq_jessica
D:4:      layout_basic, lemuel_crystal_altar, grunt_temple_overflow_open,
          temple_statues, tgw_xom, uniq_menkaure
D:5:      layout_cave_pools, nicolae_overflow_crystal_walls,
          gup_sewer_entry_pipe

Skill      XL: |  1  2  3  4  5  6  7 |
---------------+----------------------+-----
Fighting       | 1 2 3 4 |  4.7
Conjurations   | 5 6 7 |  7.6
Spellcasting   | 3 4 |  4.4
Dodging        | |  1.7
Stealth        | |  1.7

Action                   |  1- 3 |  4- 6 |  7- 9 || total
-------------------------+-------+-------+-------++-------
Melee: Dagger            |    26 |    81 |     3 ||   110
       Tailslap          |     5 |     6 |     6 ||    17
       Falchion          |       |       |    38 ||    38
Throw: Boomerang         |     5 |     6 |     1 ||    12
 Cast: Magic Dart        |    83 |   117 |    47 ||   247
       Searing Ray       |       |    15 |     6 ||    21
 Abil: Breathe Noxious F |       |       |     1 ||     1
  Use: Scroll            |       |    13 |     2 ||    15
       Potion            |       |       |     3 ||     3
  Eat: Chunk             |     5 |    11 |     4 ||    20
Armor: Skin              |    23 |    49 |    23 ||    95
Dodge: Dodged            |    35 |   129 |    71 ||   235
       Rpst.: Falchion   |       |       |    15 ||    15

Table legend:
 A = Non-vault XP
 B = Vault XP
 C = Vault XP percentage of total XP
 D = Non-vault monster count
 E = Vault monster count
 F = Vault count percentage of total count
                 A         B        C        D         E       F
            +---------+---------+-------+---------+---------+-------
      Total |     931 |     422 |  31.2 |      96 |      22 |  18.6
            +---------+---------+-------+---------+---------+-------
        D:1 |      59 |       2 |   3.3 |      22 |       1 |   4.3
        D:2 |     104 |      14 |  11.9 |      19 |       2 |   9.5
        D:3 |     151 |      78 |  34.1 |      30 |       4 |  11.8
        D:4 |     154 |     172 |  52.8 |      13 |       1 |   7.1
        D:5 |     463 |      19 |   3.9 |      12 |       7 |  36.8
      Sewer |       0 |     137 | 100.0 |       0 |       7 | 100.0
            +---------+---------+-------+---------+---------+-------
